 Dungeon Crawl Stone Soup version 0.29-a0-2-g12fcac58f8 (webtiles) character file.

Game seed: 5692628469269714258

175 fragbeetle the Magician (level 5, -1/37 HPs)
             Began as a Gnoll Hedge Wizard on Jan 26, 2022.
             Slain by an orc wizard (3 damage)
             ... on level 3 of the Dungeon.
             The game lasted 00:09:14 (3747 turns).

fragbeetle the Magician (Gnoll Hedge Wizard)        Turns: 3747, Time: 00:09:15

Health: -1/37      AC:  2    Str: 11    XL:     5   Next: 55%
Magic:  14/14      EV: 13    Int: 14    God:
Gold:   39         SH:  0    Dex: 11    Spells: 10/18 levels left

rFire   . . .      SeeInvis .   a - +1 mace (protect)
rCold   . . .      Faith    .   (no shield)
rNeg    . . .      Spirit   .   g - +0 robe
rPois   .          Reflect  .   c - +0 hat
rElec   .          Harm     .   (no cloak)
rCorr   .          Rampage  .   (no gloves)
Will    .....                   (no boots)
Stlth   +.........              (no amulet)
HPRegen 0.12/turn               (no ring)
MPRegen 0.14/turn               (no ring)

@: confused
A: fangs 1, strong nose, distributed training
a: no special abilities


You were on level 3 of the Dungeon.
You visited 1 branch of the dungeon, and saw 3 of its levels.

You collected 179 gold pieces.
You spent 140 gold pieces at shops.

Inventory:

Hand Weapons
 a - a +1 mace of protection (weapon)
 b - a +2 hunting sling of freezing
Missiles
 h - 110 stones
Armour
 c - a +0 hat (worn)
 g - a +0 robe (worn)
Scrolls
 f - 3 scrolls of identify {unknown}
 j - 2 scrolls of amnesia {unknown}
 k - 2 scrolls of enchant weapon {unknown}
 l - a scroll of enchant armour {unknown}
 m - a scroll of torment {unknown}
Potions
 d - 2 potions of resistance {unknown}
 e - 2 potions of lignification
 i - 2 potions of might {unknown}
 n - a potion of cancellation {unknown}
 p - a potion of degeneration
 q - a potion of flight


   Skills:
 + Level 1.5 Fighting
 + Level 1.5 Short Blades
 + Level 1.5 Long Blades
 + Level 1.5 Axes
 + Level 1.5 Maces & Flails
 + Level 1.5 Polearms
 + Level 1.5 Staves
 + Level 1.5 Slings
 + Level 1.5 Bows
 + Level 1.5 Crossbows
 + Level 1.5 Throwing
 + Level 1.5 Armour
 + Level 4.8 Dodging
 + Level 4.4 Stealth
 + Level 1.5 Shields
 + Level 1.5 Unarmed Combat
 + Level 7.3 Spellcasting
 + Level 2.4 Conjurations
 + Level 1.2 Hexes
 + Level 2.4 Summonings
 + Level 1.2 Necromancy
 + Level 2.4 Translocations
 + Level 1.2 Transmutations
 + Level 1.2 Fire Magic
 + Level 1.2 Ice Magic
 + Level 1.2 Air Magic
 + Level 1.2 Earth Magic
 + Level 1.2 Poison Magic
 + Level 1.7 Invocations
 + Level 1.5 Evocations


You had 10 spell levels left.
You knew the following spells:

 Your Spells              Type           Power      Damage    Failure   Level
a - Magic Dart            Conj           44%        1d5       4%          1
b - Call Imp              Summ           11%        N/A       8%          2
c - Mephitic Cloud        Conj/Pois/Air  9%         N/A       22%         3
d - Blink                 Tloc           22%        N/A       8%          2

Your spell library contained the following spells:

 Spells                   Type           Power      Damage    Failure   Level
 Apportation              Tloc           22%        N/A       4%          1
 Slow                     Hex            32%        N/A       9%          1
 Ensorcelled Hibernation  Hex/Ice        16%        N/A       13%         2
 Passwall                 Tmut/Erth      6%         N/A       13%         2
 Conjure Flame            Conj/Fire      10%        6-21      19%         3
 Swiftness                Air            8%         N/A       26%         3
 Alistair's Intoxication  Tmut/Pois      5%         N/A       93%         5


Dungeon Overview and Level Annotations

Branches:
Dungeon (3/15)

Altars:
Gozag

Shops:
D:1 !   D:3 !

Annotations:
D:3 1 runed translucent door, hatsuma's ghost, weakling DEAM


Innate Abilities, Weirdness & Mutations

You have very sharp teeth.
Your uncanny sense of smell can sniff out nearby items.
Your experience applies equally to all skills.


Message History

* * * LOW HITPOINT WARNING * * *
Are you sure you want to stumble around while confused and next to your white imp?
Items here: )) [[ †.
You start resting.
Something hits you.
* * * LOW HITPOINT WARNING * * *
Are you sure you want to stumble around while confused and next to your white imp?
You bump into the rock wall.
Something hits you.
* * * LOW HITPOINT WARNING * * *
Are you sure you want to stumble around while confused and next to your white imp?
You feel less confused.
Your white imp barely misses something.
Something barely misses you.
You feel better.
Your white imp closely misses something.
Something hits you.
* * * LOW HITPOINT WARNING * * *
You hit something.
Your weapon exudes an aura of protection.
Your white imp hits something but does no damage.
Something hits you but does no damage.
Your white imp barely misses something.
You barely miss something. Your bite misses something.
You hear some strange, mumbled words.
A puff of flame appears from out of thin air!
The puff of flame misses you.
Your white imp closely misses something.
You barely miss something.
You hear some strange, mumbled words.
You are confused.
Your white imp closely misses something.
You hear some strange, mumbled words.
A magic dart appears from out of thin air!
The magic dart hits you!
* * * LOW HITPOINT WARNING * * *
You're too confused to cast spells.
Sorry, you're not good enough to have a special ability.
You're too confused to cast spells.
Sorry, you're not good enough to have a special ability.
Your white imp barely misses something.
You bump into the rock wall.
Something hits you.
You die...

............##...##....
##.####.##...##.##.....
##.##.....#...#+#...#
##.##..............#
##.##.....###.....##
..........# #.#####
####......###.####
#.######...5..# #.#
#.#)##@# #.# #.#.##(#
... #.#...(# ...
#.###(.# .... .. #(.#
..... .. ...# .. (.##
###


You could see a friendly white imp (summoned).

Vanquished Creatures
  A bullfrog skeleton (D:3)
  An orc wizard (D:3)
  An adder (D:2)
  2 gnolls (D:2)
  2 dart slugs
  7 orcs (D:3)
  4 endoplasms
  5 giant cockroaches
  3 goblins
  4 hobgoblins
  2 jackals (D:2)
  7 quokkas
  3 ball pythons
  9 bats
  4 kobolds
  5 rats
60 creatures vanquished.

Vanquished Creatures (collateral kills)
  2 gnolls (D:2)
  2 orcs (D:3)
4 creatures vanquished.

Vanquished Creatures (others)
  4 plants (D:1)
4 creatures vanquished.

Grand Total: 68 creatures vanquished

Notes
Turn   | Place    | Note
-------+----------+-------------------------------------------
     0 | D:1      | fragbeetle the Gnoll Hedge Wizard began the quest for the
                  | Orb.
     0 | D:1      | Reached XP level 1. HP: 13/13 MP: 8/8
   290 | D:1      | Reached XP level 2. HP: 19/19 MP: 8/10
   677 | D:1      | Found Ocailuno's Distillery.
   834 | D:1      | Learned a level 2 spell: Call Imp
  1106 | D:1      | Reached XP level 3. HP: 19/25 MP: 11/11
  1869 | D:2      | Reached skill level 1 in Invocations
  1975 | D:2      | Reached skill level 1 in Fighting
  1975 | D:2      | Reached skill level 1 in Short Blades
  1975 | D:2      | Reached skill level 1 in Long Blades
  1975 | D:2      | Reached skill level 1 in Axes
  1975 | D:2      | Reached skill level 1 in Maces & Flails
  1975 | D:2      | Reached skill level 1 in Polearms
  1975 | D:2      | Reached skill level 1 in Staves
  1975 | D:2      | Reached skill level 1 in Slings
  1975 | D:2      | Reached skill level 1 in Bows
  1975 | D:2      | Reached skill level 1 in Crossbows
  1975 | D:2      | Reached skill level 1 in Throwing
  1975 | D:2      | Reached skill level 1 in Armour
  1975 | D:2      | Reached skill level 1 in Shields
  1975 | D:2      | Reached skill level 1 in Unarmed Combat
  1975 | D:2      | Reached skill level 1 in Evocations
  2278 | D:2      | Reached XP level 4. HP: 14/32 MP: 10/13
  2472 | D:2      | Reached skill level 1 in Hexes
  2472 | D:2      | Reached skill level 1 in Necromancy
  2472 | D:2      | Reached skill level 1 in Transmutations
  2472 | D:2      | Reached skill level 1 in Fire Magic
  2472 | D:2      | Reached skill level 1 in Ice Magic
  2472 | D:2      | Reached skill level 1 in Air Magic
  2472 | D:2      | Reached skill level 1 in Earth Magic
  2472 | D:2      | Reached skill level 1 in Poison Magic
  3067 | D:2      | Learned a level 3 spell: Mephitic Cloud
  3070 | D:2      | Learned a level 2 spell: Blink
  3100 | D:3      | Noticed hatsuma's ghost (weakling DEAM)
  3102 | D:3      | Found a runed translucent door.
  3246 | D:3      | Reached XP level 5. HP: 37/37 MP: 11/14
  3371 | D:3      | Found an opulent altar of Gozag.
  3453 | D:3      | Found Uhil's Distillery.
  3462 | D:3      | Bought a potion of curing for 42 gold pieces
  3462 | D:3      | Bought a potion of degeneration for 14 gold pieces
  3462 | D:3      | Bought a potion of lignification for 42 gold pieces
  3462 | D:3      | Bought a potion of flight for 42 gold pieces
  3745 | D:3      | HP: 1/37 [something/magic dart (7)]
  3747 | D:3      | Slain by an orc wizard

Illustrated notes

Levels and vault maps discovered:
D:1:      dpeg_arrival_tiny_a, layout_loops_ring, serial_shops,
          nicolae_shop_competitors_out_of_business, serial_bayou,
          serial_bayou_ford_a, serial_bayou_pond_d, serial_bayou_lagoon_a,
          serial_bayou_pond_e
D:2:      cheibrodos_helix_gallery, layout_loops_ring,
          kennysheep_generic_room_16
D:3:      layout_loops_cross, grunt_gozag_statues,
          hellmonk_ghost_happy_afterlife, serial_shops, shop, wad_orctagon

Skill      XL: |  1  2  3  4 |
---------------+-------------+-----
Conjurations   | 2 |  2.4
Summonings     | 2 |  2.4
Translocations | 2 |  2.4
Invocations    | 1 |  1.7
Fighting       | 1 |  1.5
Short Blades   | 1 |  1.5
Long Blades    | 1 |  1.5
Axes           | 1 |  1.5
Maces & Flails | 1 |  1.5
Polearms       | 1 |  1.5
Staves         | 1 |  1.5
Slings         | 1 |  1.5
Bows           | 1 |  1.5
Crossbows      | 1 |  1.5
Throwing       | 1 |  1.5
Armour         | 1 |  1.5
Shields        | 1 |  1.5
Unarmed Combat | 1 |  1.5
Evocations     | 1 |  1.5
Hexes          | 1 |  1.2
Necromancy     | 1 |  1.2
Transmutations | 1 |  1.2
Fire Magic     | 1 |  1.2
Ice Magic      | 1 |  1.2
Air Magic      | 1 |  1.2
Earth Magic    | 1 |  1.2
Poison Magic   | 1 |  1.2
Dodging        | |  4.8
Stealth        | |  4.4
Spellcasting   | |  7.3

Action                   |  1- 3 |  4- 6 || total
-------------------------+-------+-------++-------
Melee: Dagger            |    20 |       ||    20
       Bite              |     1 |     7 ||     8
       Mace              |     3 |    54 ||    57
       Punch             |       |     1 ||     1
 Fire: Hunting sling     |    33 |    29 ||    62
 Cast: Magic Dart        |    66 |    12 ||    78
       Call Imp          |     2 |     6 ||     8
       Mephitic Cloud    |       |     3 ||     3
  Use: Potion            |       |     1 ||     1
 Stab: Confused          |       |     1 ||     1
Armor: Robe              |     3 |    24 ||    27
Dodge: Dodged            |    31 |    39 ||    70

Table legend: (Time is in decaauts)
 A = Elapsed time spent in this place.
 B = Non-inter-level travel time spent in this place.
 C = Inter-level travel time spent in this place.
 D = Time resting spent in this place.
 E = Time spent auto-exploring this place.
 F = Levels seen in this place.
 G = Mean time per level.
                   A        B        C        D        E       F      G
               +--------+--------+--------+--------+--------+-----+--------+
         Total |   3801 |   3744 |     57 |    189 |   2922 |   3 | 1267.0 |
       Dungeon |   3801 |   3744 |     57 |    189 |   2922 |   3 | 1267.0 |
               +--------+--------+--------+--------+--------+-----+--------+

Top non-repeatable levels by time:
     D:1: 1838 daAuts
     D:2: 1253 daAuts
     D:3: 708 daAuts
